Map: Ruby Rock LE

Players

theglml - Winner!

  • Race: Terran Terran
  • League: Master
  • Spawn Location: 5:00

HoldTheDoor

  • Race: Protoss Protoss
  • League: Diamond
  • Spawn Location: 11:00

VOD

Have the link to the VOD?

Description

Time

  • Played on: May 6, 2026, 11:24 a.m.
  • Length: 4:31
Show
View Real Time Build Order
Export as new Build Order

theglml Terran - Winner!

Build Orders: 1/1/1, Liberator Opening 

Get SALT Encoding   

  12  0:00  SCV  
  13  0:12  SCV  
  14  0:17  Supply Depot  
  14  0:24  SCV  
  15  0:38  SCV  
  15  0:39  Barracks  
  16  0:43  Refinery  
  16  0:50  SCV  
  16  0:52  Refinery  
  17  1:02  SCV  
  18  1:27  Orbital Command  
  18  1:28  Marine  
  19  1:40  Factory  
  19  1:52  Supply Depot  
  19  1:54  Barracks Reactor  
  19  1:55  SCV  
  20  2:07  SCV  
  21  2:19  SCV  
  22  2:23  Factory Tech Lab  
  22  2:27  Starport  
  22  2:30  Supply Depot  
  22  2:31  Marine x2  
  22  2:36  SCV  
  25  2:43  Siege Tank  
  28  2:48  Marine  
  28  2:49  Marine  
  30  2:54  SCV  
  31  3:02  Liberator  
  34  3:06  Marine  
  34  3:08  Marine  
  36  3:14  Supply Depot  
  36  3:25  Siege Tank  
  39  3:35  Marine  
  39  3:36  SCV  
  41  3:46  Liberator  
  44  3:55  Supply Depot  
  43  4:12  Bunker  
Show
View Real Time Build Order
Export as new Build Order

HoldTheDoor Protoss 

Build Orders: 1 Gate Expand 

Get SALT Encoding   

  12  0:00  Probe  
  13  0:12  Probe  
  14  0:17  Pylon  
  14  0:23  Probe  
  15  0:31  Probe  
  15  0:39  Gateway, Probe  
  16  0:47  Assimilator  
  17  0:51  Probe  
  18  1:03  Probe  
  19  1:04  Pylon  
  19  1:15  Probe  
  20  1:26  Cybernetics Core  
  20  1:27  Probe  
  21  1:37  Nexus  
  21  1:41  Probe  
  21  1:46  Assimilator  
  22  1:56  Pylon  
  22  1:57  Probe  
  23  2:09  Adept  
  23  2:10  Shield Battery  
  23  2:14  Probe  
  26  2:16  Warp Gate  
  26  2:26  Probe  
  27  2:38  Probe  
  27  2:39  Sentry  
  27  2:42  Pylon  
  30  2:50  Probe  
  31  2:52  Probe  
  31  2:54  Robotics Facility  
  32  3:02  Probe, Adept  
  32  3:04  Probe  
  36  3:13  Shield Battery  
  36  3:14  Probe  
  36  3:16  Probe  
  36  3:19  Gateway  
  38  3:23  Gateway  
  38  3:26  Probe  
  39  3:32  Probe, Immortal  
  44  3:51  Pylon  
  44  4:00  Probe  
  45  4:03  Probe  
  46  4:12  Stalker  
  46  4:15  Stalker  
  52  4:27  Stalker  
Tags
 
Add a new tag
Caveats
  • Supply blocks, unpowered buildings, or Contaminate may cause inaccurate times.
  • Supply counts are checked every 10 seconds.